 Dungeon Crawl Stone Soup version 0.22-a0-392-g5dc3fd9 (webtiles) character file.

70 GameOver the Sneak (level 4, -2/36 HPs)
             Began as a Naga Wizard on May 1, 2018.
             Killed from afar by Blork the orc (9 damage)
             ... with a puff of flame
             ... on level 4 of the Dungeon.
             The game lasted 00:09:20 (1575 turns).

GameOver the Sneak (Naga Wizard)                    Turns: 1575, Time: 00:09:21

Health: -2/36      AC:  2    Str: 15    XL:     4   Next: 21%
Magic:  8/8        EV: 10    Int: 24    God:
Gold:   153        SH:  0    Dex:  9    Spells: 3/9 levels left

rFire    . . .     SeeInvis +   w - +1 short sword (venom)
rCold    . . .     Gourm    .   (no shield)
rNeg     . . .     Faith    .   a - +0 robe
rPois    +         Spirit   .   b - +0 hat
rElec    .         Reflect  .   (no cloak)
rCorr    +         Harm     .   (no gloves)
MR       .....                  (no barding)
Stlth    ++........             (no amulet)
HPRegen  0.12/turn              e - ring of resist corrosion
MPRegen  0.11/turn              k - ring of flight

@: mighty, brilliant, very slow
A: large, see invisible, deformed body, poison resistance, slowness 2, slow
metabolism 1, spit poison 1, AC +1
a: Spit Poison, Evoke Flight


You were on level 4 of the Dungeon.
You were not hungry.

You visited 1 branch of the dungeon, and saw 4 of its levels.

You collected 153 gold pieces.

Inventory:

Hand Weapons
 s - a +0 spear
 w - a +1 short sword of venom (weapon)
Missiles
 c - 51 arrows
 n - 13 bolts
 q - 4 poisoned javelins (quivered)
Armour
 a - a +0 robe (worn)
 b - a +0 hat (worn)
 f - a +0 leather armour
Jewellery
 e - a ring of resist corrosion (left hand)
 k - a ring of flight (right hand)
Wands
 o - a wand of random effects (31)
Scrolls
 g - 4 scrolls of identify
 m - a scroll of immolation
 r - a scroll of enchant armour
Potions
 h - a potion of heal wounds
Comestibles
 d - 10 rations
 p - 2 chunks of flesh


   Skills:
 - Level 1.5 Dodging
 + Level 4.5 Stealth
 - Level 3.0 Spellcasting
 * Level 3.2 Conjurations
   Level 1.0 Summonings
 - Level 1.0 Translocations


You had 3 spell levels left.
You knew the following spells:

 Your Spells              Type           Power        Failure   Level  Hunger
a - Magic Dart            Conj           ####         1%          1    None
b - Blink                 Tloc           N/A          1%          2    ##.....
s - Mephitic Cloud        Conj/Pois/Air  ###.....     2%          3    ###....


Dungeon Overview and Level Annotations

Branches:
Dungeon (4/15)
 Temple: D:4-7

Altars:
Wu Jian
Xom
Zin

Annotations:
D:3 VDreamerV's ghost, amateur OpTm
D:4 Blork the orc


Innate Abilities, Weirdness & Mutations

You cannot wear boots.
Your serpentine skin is tough. (AC +1)
You have supernaturally acute eyesight. (SInv)
Armour fits poorly on your strangely shaped body.
Your system is resistant to poisons. (rPois)
You cover ground very slowly.
You have a slow metabolism.
You can spit poison.


Message History

The puff of frost hits you!
The bullfrog skeleton hits you but does no damage.
An adder comes into view.
As you read the scroll labeled JUSAHITRIA, it crumbles to dust.
You feel blessed for a moment.
It was a scroll of remove curse.
The bullfrog skeleton hits you. The adder completely misses you.
The bullfrog skeleton hits you. The adder bites you.
It was a potion of brilliance.
You feel clever all of a sudden.
The bullfrog skeleton closely misses you.
The adder bites you.
The bullfrog skeleton barely misses you.
It was a potion of might.
You feel very mighty all of a sudden.
The bullfrog skeleton barely misses you.
The adder bites you. The bullfrog skeleton hits you.
* * * LOW HITPOINT WARNING * * *
Blork the orc casts a spell at you. The puff of flame hits you!
You die...

##########
####.....[..#
#...........#
###...........#
..............#
.....o.@Z.....#
..#.##..S......
...........
###.S.......
#.........
#...#####.
#...# #....


You could see Blork the orc (inner flame), 2 adders and a bullfrog skeleton
(inner flame).

Vanquished Creatures
  2 adders (D:2)
  An ooze (D:3)
  2 dart slugs (D:1)
  2 leopard geckos
  A giant cockroach (D:1)
  6 goblins
  4 hobgoblins
  3 jackals (D:2)
  5 kobolds
  5 bats
  2 frilled lizards (D:1)
  8 rats
41 creatures vanquished.

Notes
Turn   | Place    | Note
-------+----------+-------------------------------------------
     0 | D:1      | GameOver the Naga Wizard began the quest for the Orb.
     0 | D:1      | Reached XP level 1. HP: 15/15 MP: 4/4
   246 | D:1      | Reached XP level 2. HP: 22/22 MP: 0/6
   537 | D:1      | Reached XP level 3. HP: 28/28 MP: 7/7
   550 | D:1      | Learned a level 2 spell: Blink
   554 | D:1      | Learned a level 3 spell: Mephitic Cloud
   797 | D:2      | Reached skill level 4 in Stealth
  1009 | D:2      | Found an ornate altar of the Wu Jian Council.
  1244 | D:2      | Found a glowing silver altar of Zin.
  1256 | D:2      | Reached XP level 4. HP: 36/36 MP: 0/8
  1477 | D:3      | Found a shimmering altar of Xom.
  1550 | D:3      | Noticed VDreamerV's ghost (amateur OpTm)
  1570 | D:4      | Noticed Blork the orc
  1575 | D:4      | Killed from afar by Blork the orc

Vault maps used:
D:1:      wheals_arrival_linesprint, minivault_5, st_stairs_12,
          hangedman_abyss_or_decor_stabs
D:2:      lemuel_coloured_pillars_altar, lemuel_round_altar, first_ration
D:3:      xom_butterflies, kiku_gazebo_garden_becter,
          nicolae_qazlal_eye_of_the_storm, corner_web_ring,
          kennysheep_generic_room_7
D:4:      nicolae_tso_besieged_by_evil, minmay_ogre_servants,
          uniq_blork_the_orc, uniq_pikel, uniq_duvessa

Skill      XL: |  1  2  3 |
---------------+----------+-----
Conjurations   | 2 3 |  3.2
Stealth        | 4 |  4.5
Dodging        | |  1.5
Spellcasting   | |  3.0
Summonings     | |  1.0
Translocations | |  1.0

Action                   |  1- 3 |  4- 6 || total
-------------------------+-------+-------++-------
Melee: Dagger            |     8 |       ||     8
       Short sword       |    12 |     2 ||    14
 Cast: Magic Dart        |    48 |    10 ||    58
 Abil: Spit Poison       |    28 |     3 ||    31
Evoke: Wand              |       |     3 ||     3
  Use: Scroll            |       |     3 ||     3
       Potion            |       |     3 ||     3
 Stab: Sleeping          |     1 |       ||     1
  Eat: Chunk             |     2 |     1 ||     3
Armor: Robe              |     2 |     2 ||     4
Dodge: Dodged            |    25 |    10 ||    35

Table legend:
 A = Spawn XP
 B = Non-spawn XP
 C = Spawn XP percentage of total XP
 D = Spawn monster count
 E = Non-spawn monster count
 F = Spawn count percentage of total count
 G = Total turns spent on level
                    A         B        C        D         E        F      G
               +---------+---------+-------+---------+---------+-------+---------
         Total |       0 |     100 |   0.0 |       0 |      41 |   0.0 |  1575
               +---------+---------+-------+---------+---------+-------+---------
           D:1 |       0 |      35 |   0.0 |       0 |      20 |   0.0 |   765
           D:2 |       0 |      53 |   0.0 |       0 |      17 |   0.0 |   644
           D:3 |       0 |      12 |   0.0 |       0 |       4 |   0.0 |   157
               +---------+---------+-------+---------+---------+-------+---------
